 Dungeon Crawl Stone Soup version 0.21.1-1-g345015f (webtiles) character file.

123 letownia2 the Insei (level 5, -5/38 HPs)
             Began as a Merfolk Transmuter on Mar 15, 2018.
             Slain by letownia2's ghost (6 damage)
             ... on level 4 of the Dungeon.
             The game lasted 00:04:12 (679 turns).

letownia2 the Insei (Merfolk Transmuter)             Turns: 679, Time: 00:04:12

Health: -5/38      AC:  2    Str: 11    XL:     5   Next: 7%
Magic:  3/8        EV: 13    Int: 13    God:
Gold:   104        SH:  0    Dex: 14    Spells: 2/8 levels left

rFire    . . .     SeeInvis +     - Unarmed
rCold    . . .     Gourm    .   (no shield)
rNeg     . . .     Faith    .   b - +0 robe
rPois    .         Spirit   .   (no helmet)
rElec    .         Reflect  .   (no cloak)
rCorr    .         Harm     .   (no gloves)
MR       .....                  (no boots)
Stlth    +.........             (no amulet)
HPRegen  0.12/turn              f - ring of see invisible
MPRegen  0.11/turn              (no ring)

@: no status effects
A: change form in water, swift swim, stealthy swim
a: no special abilities


You were on level 4 of the Dungeon.
You were hungry.

You visited 2 branches of the dungeon, and saw 6 of its levels.

You collected 104 gold pieces.

Inventory:

Hand Weapons
 r - a cursed -3 hunting sling
Missiles
 a - 40 arrows
Armour
 b - a +0 robe (worn)
 g - a +0 ring mail
 o - a +0 helmet
Jewellery
 f - a ring of see invisible (left hand)
Scrolls
 j - 2 scrolls of noise {unknown}
 k - a scroll of teleportation {unknown}
 l - a scroll of magic mapping {unknown}
 n - a scroll of blinking {unknown}
 p - a scroll of enchant armour {unknown}
 q - a scroll of identify {unknown}
Potions
 e - 3 potions of flight {unknown}
 h - 2 potions of haste {unknown}
 i - 2 potions of ambrosia {unknown}
 m - a potion of heal wounds {unknown}
Books
 c - a book of Changes

   Spells                             Type                      Level
   a - Beastly Appendage              Transmutation                1
   b - Sticks to Snakes               Transmutation                2
   c - Spider Form                    Transmutation/Poison         3
   d - Ice Form                       Ice/Transmutation            4
   e - Blade Hands                    Transmutation                5
Comestibles
 d - 3 rations


   Skills:
 - Level 2.0 Fighting
 - Level 2.6 Dodging
 + Level 4.5 Unarmed Combat
 - Level 2.0 Spellcasting
 + Level 4.4 Transmutations
 - Level 1.9 Poison Magic


You had 2 spell levels left.
You knew the following spells:

 Your Spells              Type           Power        Failure   Level  Hunger
a - Beastly Appendage     Tmut           ##....       4%          1    ##.....
l - Sticks to Snakes      Tmut           ##......     6%          2    ###....
p - Spider Form           Tmut/Pois      #.........   21%         3    ####...


Dungeon Overview and Level Annotations

Branches:
Dungeon (5/15)             Temple (1/1) D:4

Altars:
Ashenzari
Dithmenos
Elyvilon
Gozag
Hepliaklqana
Kikubaaqudgha
Makhleb
Nemelex Xobeh
Okawaru
Qazlal
Ru
Sif Muna
Uskayaw
Wu Jian
Xom
Yredelemnul
Zin
The Shining One

Annotations:
D:4 Robin; letownia2's ghost, amateur MfTm


Message History

* * * LOW HITPOINT WARNING * * *
Unknown command.
You hit letownia2's ghost.
Letownia2's ghost is almost destroyed.
Your ball python misses letownia2's ghost.
Letownia2's ghost closely misses you.
You hit letownia2's ghost.
Letownia2's ghost is almost destroyed.
Your ball python closely misses letownia2's ghost.
Letownia2's ghost hits you.
* * * LOW HITPOINT WARNING * * *
You closely miss letownia2's ghost.
Letownia2's ghost is almost destroyed.
Your ball python bites letownia2's ghost but does no damage.
You barely miss letownia2's ghost.
Letownia2's ghost is almost destroyed.
Your ball python bites letownia2's ghost but does no damage.
Letownia2's ghost says, "You must not succeed where I failed!"
Letownia2's ghost hits you.
You die...

#... #.. # #.. .... #
#.#.# .... ....
#.#.#...... >#..
####+#.#.#...... ....
.......#.#...... .#..
.......#.#.%..# #..
.......@.....# #.#
#####..PW.....# .
.....PPSPP....# ..
##+##P........# # .#
.............# .#...
.....)........##..#.#.
..%##########..........
... #..#....#.# .
######..#....#.#


You could see letownia2's ghost and a friendly ball python.

Vanquished Creatures
  A scorpion (D:4)
  A crimson imp (Temple)
  An adder (D:3)
  A leopard gecko (D:2)
  2 bats
  6 goblins
  8 hobgoblins
  2 jackals (D:1)
  A kobold (D:2)
  A ball python (D:2)
  3 frilled lizards (D:1)
  4 rats (D:1)
31 creatures vanquished.

Notes
Turn   | Place    | Note
-------+----------+-------------------------------------------
     0 | D:1      | letownia2 the Merfolk Transmuter began the quest for the Orb.
     0 | D:1      | Reached XP level 1. HP: 15/15 MP: 3/3
    77 | D:1      | Reached XP level 2. HP: 10/21 MP: 5/5
   135 | D:2      | Learned a level 2 spell: Sticks to Snakes
   358 | D:2      | Reached XP level 3. HP: 23/27 MP: 3/6
   363 | D:2      | Learned a level 3 spell: Spider Form
   400 | D:3      | Reached skill level 1 in Poison Magic
   462 | D:4      | Noticed a scorpion
   472 | D:4      | Killed a scorpion
   472 | D:4      | Reached XP level 4. HP: 23/33 MP: 3/7
   482 | D:5      | Entered Level 5 of the Dungeon
   514 | D:4      | Noticed letownia2's ghost (amateur MfTm)
   541 | D:4      | Noticed Robin
   563 | D:4      | Found a staircase to the Ecumenical Temple.
   577 | Temple   | Entered the Ecumenical Temple
   583 | Temple   | Reached XP level 5. HP: 28/38 MP: 4/8
   675 | D:4      | HP: 1/38 [letownia2's ghost (4)]
   679 | D:4      | Slain by letownia2's ghost

Skill      XL: |  1  2  3  4 |
---------------+-------------+-----
Transmutations | 3 4 |  4.4
Fighting       | 2 |  2.0
Poison Magic   | 1 |  1.9
Unarmed Combat | 4 |  4.5
Dodging        | |  2.6
Spellcasting   | |  2.0

Action                   |  1- 3 |  4- 6 || total
-------------------------+-------+-------++-------
Melee: Unarmed           |    65 |    40 ||   105
       Headbutt          |     5 |       ||     5
 Cast: Beastly Appendage |    11 |       ||    11
       Spider Form       |     2 |     2 ||     4
       Sticks to Snakes  |       |     4 ||     4
 Stab: Sleeping          |     2 |       ||     2
Armor: Robe              |    10 |     1 ||    11
Dodge: Dodged            |    43 |    18 ||    61
